[Event "Israel Team Championship 2025"]
[Site "Israel"]
[Date "2025.01.17"]
[Round "3.32"]
[White "Poleg, Matan"]
[Black "Nesterov, Arseniy"]
[Result "0-1"]
[Annotator "TA"]
[ECO "A35"]
[WhiteElo "2252"]
[BlackElo "2591"]
[PlyCount "76"]
[EventDate "2025.01.07"]
[EventType "team-tourn"]
[EventCountry "ISR"]
[SourceTitle "playchess.com"]
[Source "ChessBase"]
[SourceQuality "1"]
[TimeControl "40/5400+30:1800+30"]

1. e4 c6 2. c4 d5 3. exd5 cxd5 4. cxd5 Nf6 5. Nc3 Nxd5 6. Nf3 Nc6 7. d4 g6 8. Bc4 Nxc3 9. bxc3 Bg7 10. O-O O-O 11. a4 Qa5 12. Qb3 Qc7 13. Bd5 Na5 14. Qa2 e6 (14... Qxc3 $6 15. Ba3 Nc6 16. Rab1 $14) 15. Be4 Bd7 16. Ba3 Rfc8 17. Bc5 Bc6 $36 {[%emt 0:01:36][%mdl 2048] Black has some pressure.} 18. Nd2 Bh6 {[%emt 0:06:34] Threatens to win with ...Bxd2.} 19. Rab1 ({Better is} 19. Bxc6 $15 Qxc6 20. Rfb1) 19... Bxd2 $17 20. Bxc6 {[%emt 0:00:17] [#]} Bf4 $1 (20... Bxc3 21. Bf3 $15) (20... Qxc6 21. Qxd2 Nc4 (21... Qxa4 22. Be7 $15) 22. Qh6 $15) 21. Bf3 (21. Bb5 $17) 21... Bxh2+ $19 22. Kh1 {[%emt 0:00:01] [#] and g3 should not be overlooked} Qf4 $1 23. Rb5 {[%emt 0:14:36] [#]} (23. Bxb7 $2 Qh6 (23... Nxb7 $2 24. Rxb7 Qh6 25. Rfb1 $19) 24. Rfd1 Nxb7 25. Rxb7 Bg3+ 26. Kg1 Qh2+ 27. Kf1 Qh1+ 28. Ke2 Qxg2 $19) (23. Bg4 $17 {might work better.} Qxg4 24. Kxh2) 23... Qh6 $1 {[%emt 0:01:19] ( -> ...Bc7+)} 24. Re1 (24. Rd1 b6) 24... a6 ({Much less strong is} 24... Bd6+ 25. Kg1 Qh2+ 26. Kf1 Bxc5 27. dxc5) 25. Rxb7 $2 (25. Rbb1) 25... Nxb7 26. Bxb7 Bd6+ (26... Rxc5 $142 27. Bxa8 Rxc3) 27. Kg1 Qh2+ (27... Bxc5 28. dxc5 Rab8 29. Bxc8 Rxc8 30. Qc4) 28. Kf1 Bxc5 29. Bxa8 Bxd4 30. cxd4 Rxa8 31. Rxe6 $2 {[%emt 0:13:31][%mdl 4096] Endgame KQR-KQR} (31. f3) 31... Qh1+ (31... fxe6 32. Qxe6+ Kg7 33. Qe7+ Kh6 34. Qe3+ g5 35. Qe6+ Kg7 36. Qe7+ Kg8 37. Qe6+ Kg7 38. Qe7+ Kg8 39. Qxg5+ Kh8 40. Qf6+ Kg8 41. Qe6+ Kh8 (41... Kg7 42. Qe7+ Kg8 43. Qe6+ Kf8 44. Qf6+ Kg8 45. Qe6+ $11) 42. Qf6+ Kg8 43. Qg5+ Kh8 44. Qf6+ $11) 32. Ke2 Qh5+ ({Worse is} 32... fxe6 33. Qxe6+ Kg7 34. Qe5+ Kh6 35. Qe3+ Kg7 (35... g5 $2 36. Qe6+ Kg7 37. Qe7+ Kh6 38. Qf6+ Kh5 39. Qf3+ Kh6 40. Qxa8 $18) 36. Qe5+ Kh6 37. Qe3+ Kg7 38. Qe5+ $11) 33. Ke1 fxe6 34. Qxe6+ Kg7 35. Qe7+ Kh6 36. Qe3+ Qg5 37. Qh3+ Kg7 {[%emt 0:00:05] ( -> ...Qc1+)} 38. Qd7+ Kh8 0-1

[Event "Israel Team Championship 2025"]
[Site "Israel"]
[Date "2025.01.17"]
[Round "3.33"]
[White "Steinberg, Nitzan"]
[Black "Zlatin, Alexander"]
[Result "1-0"]
[Annotator "TA"]
[ECO "C42"]
[WhiteElo "2565"]
[BlackElo "2322"]
[PlyCount "91"]
[EventDate "2025.01.07"]
[EventType "team-tourn"]
[EventCountry "ISR"]
[SourceTitle "playchess.com"]
[Source "ChessBase"]
[SourceQuality "1"]
[TimeControl "40/5400+30:1800+30"]

1. e4 e5 2. Nf3 Nf6 3. Nxe5 d6 4. Nf3 Nxe4 5. c4 c6 6. Nc3 Nf6 7. d4 Be7 8. h3 O-O 9. Bd3 Re8 (9... d5 $11 {remains equal.}) 10. O-O $16 Na6 11. Re1 Nc7 12. Bf4 {[%emt 0:04:44] White is much more active.} Ne6 13. Bh2 d5 14. Be5 dxc4 15. Bxc4 Nd7 {[%emt 0:03:59] [#]} ({Black should try} 15... Nd5 $14) 16. Bg3 (16. d5 $1 $16 cxd5 17. Nxd5 (17. Qxd5 Nb6 $14)) 16... Nb6 $14 17. Bb3 Bb4 18. a3 Bd6 19. Bh4 Be7 20. Bg3 Bd6 $1 21. Bxd6 Qxd6 {[%emt 0:00:01] [#]} 22. Qd3 (22. Ne5 $1 $16) 22... Bd7 (22... Qd8 $14 {is superior.}) 23. Ne4 $36 {[%emt 0:01:00][%cal Bc3e4,Be4d6,Bd6f5][%mdl 2080] White is in control.} Qf4 24. Ne5 Re7 25. Nd6 (25. Qc3 {simplifies} Nxd4 26. Qxd4 Qxe5 27. Qb4) 25... Qxd4 (25... Ng5 $16 {might work better.}) 26. Nf5 $18 (26. Nxb7 Qxd3 27. Nxd3 Kf8 $14) 26... Qxd3 27. Nxe7+ Kf8 28. Nxd3 Kxe7 29. Nc5 Kf6 30. Bxe6 Bxe6 31. Nxb7 Bd5 32. Nc5 a5 33. a4 h5 34. h4 Kf5 35. f3 Nc4 36. b3 Ne5 37. Reb1 Rb8 $2 {[%emt 0:00:28] [#]} (37... Ra7 38. b4 axb4 39. Rxb4 Nc4) 38. b4 $1 axb4 (38... Rd8 39. bxa5) 39. a5 (39. Na6 Rb7 40. Nxb4 Bc4 $18) 39... Nc4 40. a6 {[%emt 0:01:03] aiming for a7.} Rb5 41. a7 Nb6 42. Na6 (42. a8=R Nxa8 43. Ne4 (43. Rxa8 Rxc5 44. Rxb4 Rc1+ 45. Kh2 c5 $11) 43... Rb8 $16) 42... b3 43. Nc7 b2 44. Ra6 ({Less strong is} 44. a8=R bxa1=N 45. Raxa1 Rxb1+ 46. Rxb1 Nc8 47. Nxd5 cxd5 $18) (44. Nxb5 bxa1=Q 45. Rxa1 (45. Nd6+ Ke6 $16) 45... cxb5 $18) 44... Rc5 45. Rxb2 Rc1+ 46. Kh2 1-0

[Event "Israel Team Championship 2025"]
[Site "Israel"]
[Date "2025.01.17"]
[Round "3.34"]
[White "Steiner-Prozhanski, Giora"]
[Black "Bronstein, Or"]
[Result "0-1"]
[Annotator "TA"]
[ECO "E20"]
[WhiteElo "2258"]
[BlackElo "2452"]
[PlyCount "66"]
[EventDate "2025.01.07"]
[EventType "team-tourn"]
[EventCountry "ISR"]
[SourceTitle "playchess.com"]
[Source "ChessBase"]
[SourceQuality "1"]
[TimeControl "40/5400+30:1800+30"]

1. d4 Nf6 2. c4 e6 3. Nc3 Bb4 4. f3 c5 5. d5 d6 6. e4 b5 7. Nge2 bxc4 8. Nf4 e5 9. Nfe2 Nbd7 (9... Nh5 10. g4 Qh4+ 11. Kd2 Nf6) 10. Ng3 Nb6 11. Be2 Ng8 12. h4 h6 13. h5 (13. f4 $11) 13... Nf6 ({Better is} 13... f5 $15) 14. Qc2 O-O 15. Kf2 Rb8 16. Nd1 Bd7 17. Ne3 Ba4 18. b3 cxb3 19. axb3 Bd7 20. Nef5 {[%emt 0:00:45] [#]} c4 $1 21. bxc4 Bc5+ 22. Be3 {[%emt 0:03:53] Hoping for Bxc5.} Qc7 (22... Bxf5 {simplifies} 23. Bxc5 Bxe4 24. fxe4 dxc5 25. Rhb1 Ne8) 23. Ra2 Rb7 24. Qd2 (24. Ra5 $14) 24... Bxe3+ (24... Na4 {seems wilder.} 25. Bxc5 Nxc5 26. Qa5 Qb8) 25. Qxe3 Nxc4 26. Bxc4 Qxc4 27. Rha1 Bxf5 28. Nxf5 Rfb8 {[%emt 0:00:28] and ...Rb1 should not be overlooked} (28... Nxh5 29. Nxd6 Qc7 30. Nxb7 Qxb7 31. Rd2 $18 (31. Qxa7 Qc8 $18) (31. Rxa7 Qb4 $18)) (28... Rb1 $5 29. Qe2 Qc5+ 30. Qe3 Qb4 31. Rxb1 Qxb1 32. Qxa7 Nxh5 $15) 29. g4 $2 (29. Nxd6 Rb2+ 30. Rxb2 Rxb2+ 31. Kg3 (31. Kg1 {is a self mate.} Qc2 32. Kf1 Qxg2+ 33. Ke1 Qh1+) 31... Nxh5+ (31... Qc2 32. Rg1 $17) 32. Kh2 Qb4 $19 (32... Qc2 33. Rg1 $15)) (29. Qc1 $11 Qb4 30. Qa3) 29... Rb2+ $19 30. Rxb2 Rxb2+ 31. Kg3 Qc2 32. Qg1 {[%emt 0:01:03] Inhibits Qh2+.} Qd2 {[%emt 0:01:54] ( -> ...Qf4+) Repels Ne3} 33. Ra3 $2 {[%emt 0:03:09] [#]} (33. Ne3 $19 Rb3 34. Re1) 33... Nxh5+ $1 0-1

[Event "Israel Team Championship 2025"]
[Site "Israel"]
[Date "2025.01.17"]
[Round "3.35"]
[White "Zanan, Evgeny"]
[Black "Axelrod, Arie"]
[Result "0-1"]
[Annotator "TA"]
[ECO "C02"]
[WhiteElo "2450"]
[BlackElo "2161"]
[PlyCount "98"]
[EventDate "2025.01.07"]
[EventType "team-tourn"]
[EventCountry "ISR"]
[SourceTitle "playchess.com"]
[Source "ChessBase"]
[SourceQuality "1"]
[TimeControl "40/5400+30:1800+30"]

1. e4 e6 2. d4 d5 3. e5 c5 4. c3 Ne7 5. Na3 Nec6 6. Nc2 b6 7. Nf3 Be7 8. a3 a5 9. h4 Ba6 10. Bxa6 Nxa6 11. h5 f5 (11... h6 $11) 12. exf6 $14 gxf6 13. Qe2 Nc7 14. O-O Qd6 15. c4 O-O-O 16. Be3 Rhg8 17. Rfd1 {[%emt 0:16:24] and dxc5 would now be decisive} Rg4 (17... a4 $1 $11) 18. Nh2 (18. Nce1 $14) 18... Rh4 (18... Re4 {simplifies} 19. cxd5 exd5 20. Nf1 f5) 19. g3 Rg8 20. Kh1 (20. Nf3 $5 Rh3 (20... Rxh5 21. dxc5 bxc5 22. b4 $14) 21. Nfe1 $11) 20... Rh3 (20... Re4 $15) 21. Qf3 $2 (21. Kg2 $14 Rh4 22. Kh1) 21... cxd4 $17 22. Bxd4 Ne5 (22... dxc4 23. Bxf6 Ne5 24. Qg2 $16) 23. Bxe5 Qxe5 ({Black should play} 23... fxe5 $17 24. Ne3 e4) 24. cxd5 $11 Nxd5 25. Re1 (25. Nd4 $5 Bc5 (25... Qxh5 26. Qxh5 Rxh5 27. Nxe6 $14) (25... Rxh5 $2 26. Nc6 $18) 26. Nxe6 Bxf2 (26... Qxh5 27. Qxh5 Rxh5 28. g4 $16) 27. Rxd5 (27. Qxd5 $2 Rxh2+ 28. Kxh2 Qxg3+ 29. Kh1 Qh4#) 27... Qxe6 28. Rc1+ Kb8 (28... Bc5 $2 29. Rdxc5+ bxc5 30. Rxc5+ Kd8 31. Qa8+ Ke7 32. Rc7+ Kd6 33. Qc6+ Ke5 34. Qc3+ Kf5 35. Rc5+ Ke4 36. Qe1+ Kd4 37. Qxe6 $18) 29. Qf4+ Ka8 30. Qf3 $11) 25... Qxh5 26. Qxh5 Rxh5 27. Rxe6 Bc5 28. Re2 Rg6 29. Ne1 $1 f5 $1 30. Nef3 (30. Rd1 $1 $11 {was preferable.} Nf6 (30... f4 $2 31. g4 $18) 31. Kg2) 30... f4 $15 31. Re5 {[%emt 0:02:40] [#]} (31. g4 $15 Rxg4 32. Re5 Rxe5 33. Nxe5) 31... fxg3 32. Rxh5 $11 g2+ $1 33. Kg1 Nf4 $40 {[%emt 0:00:15][%cal Rf4e2][%mdl 128] Black has some attack.} 34. Rg5 (34. Rxh7 $2 Ne2#) 34... Nh3+ 35. Kxg2 Nxg5 36. Ne5 Rg7 {[%emt 0:00:39] White must now prevent ...Nf7+.} 37. Nd3 $1 Bd6 38. f4 {[%emt 0:00:28] [#]} (38. Nf3 $11) 38... Ne6+ $1 $17 39. Kf3 {[%emt 0:00:10] [#]} Rf7 $1 {[%emt 0:00:54][%cal Re6f4] Black is much more active.} 40. Rc1+ Kb7 41. Ng4 Nxf4 42. Nde5 Rf8 43. Ke4 {[%emt 0:02:59] Dodges Nd3} (43. Nd7 $17 {was the only defense.} Rd8 44. Ngf6) 43... h5 $19 44. Nc4 Bc7 45. Nh6 $2 (45. Nge5) 45... Ne2 46. Rc2 (46. Re1 $142 Ng3+ 47. Kd3) 46... Ng3+ 47. Kd5 b5 48. Ne5 Rd8+ 49. Ke6 Rd6+ 0-1

[Event "Israel Team Championship 2025"]
[Site "Israel"]
[Date "2025.01.17"]
[Round "3.36"]
[White "Poleg, Dan"]
[Black "Veinberg, Nimrod"]
[Result "0-1"]
[Annotator "TA"]
[ECO "D38"]
[WhiteElo "2189"]
[BlackElo "2400"]
[PlyCount "80"]
[EventDate "2025.01.07"]
[EventType "team-tourn"]
[EventCountry "ISR"]
[SourceTitle "playchess.com"]
[Source "ChessBase"]
[SourceQuality "1"]
[TimeControl "40/5400+30:1800+30"]

1. d4 Nf6 2. Nf3 d5 3. c4 e6 4. Nc3 Nbd7 5. Bg5 Bb4 6. e3 c5 7. cxd5 exd5 8. dxc5 Qa5 9. Nd2 Bxc3 10. bxc3 Qxc3 11. Bxf6 Nxf6 12. Qa4+ Bd7 13. Qd4 Qa5 14. Be2 Ne4 15. Bf3 O-O-O 16. Bxe4 (16. Qxd5 $2 Bb5 (16... Nxc5 $2 17. Rc1 $18) 17. Qf5+ Kb8 (17... Rd7 $2 18. Qxd7+ Kxd7 19. Bxe4 $19) 18. Qe5+ Ka8 $19) (16. a3 {simplifies} Qxd2+ 17. Qxd2 Nxd2 18. Kxd2 Bf5 19. Kc3) 16... dxe4 17. a3 $1 (17. Qxg7 $2 Rhg8 (17... Qxc5 18. O-O $16) 18. Qb2 Rxg2 $19) (17. O-O $2 Bb5 18. Qxg7 Qxd2 $19) 17... Qa6 (17... Rhe8 $11) 18. Nxe4 $16 (18. Qxe4 Rhe8 19. Qb4 Qd3 $11) 18... Bg4 (18... Qa5+ 19. Qb4 Qxb4+ 20. axb4 $16) (18... Bc6 $16 19. Nd6+ (19. Qxg7 $2 Bxe4 20. Qb2 Bxg2 $19) 19... Kb8) 19. Qb2 $1 $18 (19. Qxg7 $2 Qe2#) (19. Nd6+ $6 Rxd6 20. Qxg4+ Rd7 $11) 19... Rd5 20. f3 $1 (20. Qxg7 $2 Qe2#) 20... Kb8 (20... Be6 {keeps fighting.} 21. Kf2 (21. Qxg7 Rhd8 $18) 21... f6) 21. Qxg7 Rhd8 22. Qxg4 f5 23. Qf4+ Ka8 24. Nc3 Rxc5 25. Qb4 $1 Rc4 26. Qb3 Rdc8 27. Nb5 $2 ({White should try} 27. Ne2 $18) 27... Qa5+ $1 $11 28. Kf1 $1 R4c5 $2 (28... Qd2 $1 $11 29. Rd1 Rc1 30. Nc7+ Kb8 31. Rxc1 (31. Na6+ Ka8 $11) 31... Qxc1+ 32. Ke2 Qxh1 33. Na6+ Ka8 34. Nc7+ Kb8) 29. a4 $2 (29. Nd4 $18) 29... Qd8 $2 (29... Qd2 $1 $11 30. Rd1 Rc1 31. Nc7+ Kb8 32. Na6+ (32. Rxc1 Qxc1+ 33. Ke2 Qxh1 $11) 32... Ka8 33. Nc7+) 30. Rd1 Rc1 31. Nd4 $2 {[%emt 0:00:47] [#]} (31. Ke1 $1 $18) 31... f4 $2 32. Kf2 (32. Ke2 R1c3 33. Qa2 Qg5 $18) 32... R1c3 33. Qb2 (33. Qf7 $18 {has better winning chances.} fxe3+ 34. Kg3) 33... fxe3+ $16 {[%emt 0:00:28] [#]} 34. Ke2 ({Only move:} 34. Ke1 $1 $16 a6 35. g3) 34... Qg8 (34... Qh4 $1 $11 {remains equal.} 35. g3 Qh3) 35. g3 $2 (35. Kf1 $16 {g3 would now be deadly.} Qc4+ 36. Ne2) 35... Qc4+ $19 36. Ke1 Qxa4 $2 ({Better is} 36... Rc1 $19 {and ...Rxd1+ should not be overlooked} 37. Qxc1 (37. Ne2 $2 Rc2 $19) 37... Qxc1 38. Rxc1 Rxc1+ 39. Ke2 Rxh1) 37. Ne2 (37. Rg1 $16) 37... Rc2 $11 {[%emt 0:00:41] Really sharp!} 38. Rc1 $2 (38. Qe5 $11) 38... Qa5+ 39. Kf1 Qf5 40. f4 Rxb2 0-1